Map: Neon Violet Square LE

Players

AlphaPrädon - Winner!

  • Race: Zerg Zerg
  • League: Platinum
  • Spawn Location: 11:00

axu

  • Race: Protoss Protoss
  • League: Platinum
  • Spawn Location: 5:00

VOD

Have the link to the VOD?

Description

Time

  • Played on: Jan. 5, 2018, 8:24 a.m.
  • Length: 3:41
Show
View Real Time Build Order
Export as new Build Order

AlphaPrädon Zerg - Winner!

Build Orders: Hatch First 

Get SALT Encoding   

  12  0:03  Drone  
  13  0:08  Drone  
  14  0:20  Extractor  
  13  0:25  Drone x2, Extractor  
  16  0:31  Overlord  
  16  0:51  Hatchery  
  15  0:58  Drone x2  
  15  1:01  Drone  
  18  1:04  Extractor  
  17  1:13  Drone  
  18  1:20  Drone  
  19  1:26  Spawning Pool  
  19  1:30  Drone  
  19  1:45  Overlord  
  19  2:16  Metabolic Boost  
  19  2:18  Queen x2  
  19  2:19  Zergling x2  
  19  2:20  Zergling x4  
  26  2:26  Drone  
  27  2:37  Zergling x8  
  31  2:44  Zergling x2  
  31  2:50  Zergling x2  
  33  3:00  Zergling x4  
  35  3:23  Zergling x2  
Show
View Real Time Build Order
Export as new Build Order

axu Protoss 

Build Orders: 1 Gate Expand 

Get SALT Encoding   

  12  0:01  Probe  
  13  0:13  Probe  
  14  0:25  Pylon  
  14  0:26  Probe  
  15  0:43  Probe  
  16  0:56  Gateway  
  16  0:59  Probe  
  16  1:03  Assimilator  
  17  1:11  Probe  
  18  1:33  Nexus  
  18  1:43  Cybernetics Core  
  17  1:55  Probe  
  18  2:07  Probe  
  19  2:17  Gateway  
  19  2:19  Probe  
  20  2:31  Probe  
  21  2:42  Assimilator  
  21  2:44  Pylon  
  21  2:52  Pylon  
  21  3:06  Stalker (Chrono Boost)  
  21  3:08  Probe x2  
  24  3:20  Probe x2  
Tags
 
Add a new tag
Caveats
  • Supply blocks, unpowered buildings, or Contaminate may cause inaccurate times.
  • Supply counts are checked every 10 seconds.